Map: Dusk Towers

Players

PiLiPiLi

  • Race: Terran Terran
  • League: Grandmaster

JohnCena

  • Race: Terran Terran
  • League: Diamond

JunO

  • Race: Terran Terran

Bradinator

  • Race: Terran Terran
  • League: Silver

VOD

Have the link to the VOD?

Description

Time

  • Played on: Dec. 21, 2015, 1:45 p.m.
  • Length: 11:00
Show
View Real Time Build Order
Export as new Build Order

PiLiPiLi Terran 

Build Orders:  

Get SALT Encoding   

  12  0:01  SCV  
  13  0:13  SCV  
  14  0:17  Supply Depot  
  14  0:25  SCV  
  15  0:39  SCV  
  15  0:41  Barracks  
  16  0:45  Refinery  
  16  0:52  SCV  
  17  1:04  SCV  
  18  1:13  Refinery  
  18  1:16  SCV  
  19  1:29  Orbital Command  
  19  1:30  Reaper  
  20  2:02  Reaper  
  21  2:12  SCV, Bunker  
  10  2:58  SCV  
  4  3:26  Orbital Command  
  2  3:54  SCV  
  3  3:57  Marine  
  4  4:06  SCV  
  5  4:18  SCV  
  5  4:23  Marine  
  7  4:30  SCV  
  8  4:41  Marine  
  8  4:42  Supply Depot, SCV  
  10  4:54  SCV  
  11  5:07  SCV  
  12  5:10  Bunker  
  12  5:13  Marine  
  13  5:19  SCV  
  14  5:30  Marine  
  14  5:31  SCV  
  16  5:44  SCV  
  16  5:47  Refinery  
  16  5:48  Marine  
  18  5:50  Refinery  
  18  5:52  Supply Depot  
  18  5:56  SCV  
  19  6:08  SCV  
  20  6:20  SCV, Marine  
  22  6:31  Factory  
  22  6:32  SCV  
  23  6:38  Marine  
  24  6:44  SCV  
  25  6:54  Supply Depot  
  25  6:57  SCV  
  26  7:13  SCV  
  26  7:14  Marine  
  28  7:18  Factory Tech Lab, Starport  
  27  7:25  SCV  
  28  7:32  Marine  
  29  7:38  SCV  
  30  7:50  Hellion, Marine  
  33  7:51  Command Center  
  33  8:02  Cloaking Field  
  33  8:03  Banshee  
  36  8:09  Marine  
  38  8:17  Hellion  
  38  8:19  Supply Depot  
  39  8:55  SCV, Marine  
  40  8:57  Hellion  
  41  9:19  Orbital Command  
  41  9:21  Barracks Tech Lab  
  41  9:25  Factory Tech Lab  
  41  9:26  Banshee, Barracks  
  41  9:27  Barracks  
  44  9:44  Siege Tank  
  47  10:03  Orbital Command  
  47  10:09  Raven  
  49  10:19  Barracks Tech Lab  
  49  10:23  Siege Tank  
  52  10:31  SCV  
  52  10:32  SCV, Barracks Reactor  
  52  10:34  Marine  
  55  10:36  Supply Depot x2  
Show
View Real Time Build Order
Export as new Build Order

JohnCena Terran 

Build Orders:  

Get SALT Encoding   

  12  0:00  SCV  
  13  0:12  SCV  
  14  0:19  Supply Depot  
  14  0:24  SCV  
  15  0:41  SCV  
  16  0:48  Barracks  
  16  0:57  Refinery  
  16  1:03  Barracks  
  16  1:14  Refinery  
  16  1:15  SCV  
  17  1:27  Barracks  
  17  1:32  SCV  
  18  1:40  Reaper  
  19  1:53  Reaper  
  20  2:03  Orbital Command  
  20  2:12  Reaper  
  21  2:18  Reaper  
  22  2:31  Reaper  
  10  2:44  Reaper  
  6  3:27  Orbital Command  
  6  4:08  SCV  
  7  4:30  SCV  
  8  4:31  Marine  
  9  4:46  Marine x2  
  9  4:47  SCV  
  9  4:51  Bunker  
  12  5:01  Marine  
  12  5:03  SCV  
  14  5:15  SCV  
  13  5:42  SCV  
  14  5:47  Refinery  
  15  5:53  Supply Depot  
  14  6:04  Marine  
  15  6:15  SCV  
  16  6:24  Marine  
  17  6:34  SCV  
  17  6:38  Refinery  
  18  6:46  Marine  
  19  6:50  SCV  
  19  7:33  Barracks Reactor x2  
  19  7:36  SCV  
  20  7:37  Factory  
  20  7:39  Barracks Tech Lab  
  20  7:48  SCV  
  21  8:00  SCV  
  22  8:11  Stimpack, Marine  
  23  8:18  Supply Depot  
  23  8:35  Factory Tech Lab  
  23  8:39  Marine x4  
  23  8:40  SCV  
  28  8:45  Bunker  
  27  8:56  Siege Tank  
  27  8:58  SCV  
  31  9:11  Marine  
  31  9:14  Marine  
  31  9:15  Marine x2  
  31  9:27  Marine  
  31  9:38  Marine  
  31  9:39  Marine  
  30  10:16  Marine x2  
  31  10:24  Starport  
Show
View Real Time Build Order
Export as new Build Order

JunO Terran 

Build Orders:  

Get SALT Encoding   

Show
View Real Time Build Order
Export as new Build Order

Bradinator Terran 

Build Orders:  

Get SALT Encoding   

Tags
 
Add a new tag
Caveats
  • Supply blocks, unpowered buildings, or Contaminate may cause inaccurate times.
  • Supply counts are checked every 10 seconds.